 Dungeon Crawl Stone Soup version 0.24.0-13-gcf9b3192b9 (webtiles) character file.

Game seed: 15535803788487800577, levelgen mode: deterministic

37 sking99 the Sneak (level 3, 0/20 HPs)
             Began as a Gargoyle Enchanter on Nov 9, 2019.
             Slain by a jackal (3 damage)
             ... on level 1 of the Dungeon.
             The game lasted 00:02:07 (862 turns).

sking99 the Sneak (Gargoyle Enchanter)               Turns: 862, Time: 00:02:07

Health: 0/20       AC:  5    Str: 11    XL:     3   Next: 39%
Magic:  0/6        EV: 12    Int: 16    God:
Gold:   62         SH:  0    Dex: 10    Spells: 3/6 levels left

rFire    . . .     SeeInvis .   a - +1 dagger
rCold    . . .     Gourm    .   (no shield)
rNeg     + . .     Faith    .   b - +0 robe
rPois    ∞         Spirit   .   (no helmet)
rElec    +         Reflect  .   (no cloak)
rCorr    .         Harm     .   (no gloves)
MR       .....                  (no boots)
Stlth    ++........             (no amulet)
HPRegen  0.06/turn              (no ring)
MPRegen  0.10/turn              (no ring)

@: very slightly contaminated
A: negative energy resistance 1, electricity resistance, unbreathing,
petrification resistance, rot immunity, AC +3
a: no special abilities


You were on level 1 of the Dungeon.
You were hungry.

You visited 1 branch of the dungeon, and saw 2 of its levels.

You collected 62 gold pieces.

Inventory:

Hand Weapons
 a - a +1 dagger (weapon)
 f - a cursed +0 dagger
Armour
 b - a +0 robe (worn)
Jewellery
 c - an uncursed ring of poison resistance {unknown}
Scrolls
 i - a scroll of remove curse {unknown}
 k - a scroll of teleportation {unknown}
Potions
 e - a potion of curing {unknown}
 h - 2 potions of might {unknown}
 j - a potion of agility {unknown}
Comestibles
 d - 3 rations


   Skills:
 - Level 0.3 Fighting
 * Level 1.6 Short Blades
 - Level 1.6 Dodging
 + Level 3.6 Stealth
 + Level 2.2 Spellcasting
 + Level 2.9 Hexes
 + Level 0.5 Ice Magic


You had 3 spell levels left.
You knew the following spells:

 Your Spells              Type           Power        Failure   Level  Hunger
a - Corona                Hex            ##.....      6%          1    #......
b - Ensorcelled Hibernat  Hex/Ice        #.....       14%         2    ###....

Your spell library contained the following spells:

 Spells                   Type           Power        Failure   Level  Hunger
 Confuse                  Hex            ##......     19%         3    ###....
 Tukima's Dance           Hex            ##......     19%         3    ###....
 Dazzling Spray           Conj/Hex       #.....       32%         3    ###....


Dungeon Overview and Level Annotations

Branches:
Dungeon (2/15)

Altars:


Innate Abilities, Weirdness & Mutations

You are resistant to torment.
Your stone body is resilient. (AC +3)
You are immune to poison.
You resist negative energy. (rN+)
You are resistant to electric shocks. (rElec)
You can survive without breathing.
You are immune to petrification.
You are immune to rotting.


Message History

Press: ? - help, Shift-Dir - straight line, f - jackal
Aim: a jackal (chance to defeat MR: 56%)
You miscast Ensorcelled Hibernation.
You are very lightly contaminated with residual magic.
Nothing appears to happen.
The jackal bites you.
* * * LOW HITPOINT WARNING * * *
The jackal closely misses you. The jackal bites you.
* * * LOW HITPOINT WARNING * * *
The jackal closely misses you. The jackal misses you.
You hit the jackal.
The jackal is heavily wounded.
The jackal bites you but does no damage.
The jackal barely misses you.
You hit the jackal.
You kill the jackal!
The jackal barely misses you.
You hit the jackal but do no damage. The jackal misses you.
The jackal bites you.
You die...

#....##............#..(.(.
#..#.#############........ ##
#..#.[.# ##.......
.#######......# #.......
......##.###..### #.......
#####..#..###...### ##......
..#..^..#.###.#...### ##......
................†...######.....##
......)...####.h@.#..............
.................................
...........###....#.....##.......
...........# #......###........##
...........###........##........#
.............##...#........##....
.........#...###........#.###.###
..#.....##..........##..#.# ### #
#####.........###...##....# #####


You could see a jackal.

Vanquished Creatures
  2 adders (D:2)
  A dart slug (D:1)
  A leopard gecko (D:1)
  4 bats (D:1)
  2 hobgoblins (D:1)
  2 jackals
  A kobold (D:1)
  3 rats (D:1)
16 creatures vanquished.

Notes
Turn   | Place    | Note
-------+----------+-------------------------------------------
     0 | D:1      | sking99 the Gargoyle Enchanter began the quest for the Orb.
     0 | D:1      | Reached XP level 1. HP: 10/10 MP: 3/3
    95 | D:1      | Reached skill level 1 in Short Blades
   321 | D:1      | Reached XP level 2. HP: 15/15 MP: 3/5
   387 | D:1      | Learned a level 2 spell: Ensorcelled Hibernation
   791 | D:2      | Reached XP level 3. HP: 20/20 MP: 6/6
   862 | D:1      | Slain by a jackal

Levels and vault maps discovered:
D:1:      dpeg_arrival_fog, layout_rooms
D:2:      layout_rooms, first_ration, minmay_misc_feat_encased,
          makhleb_heckhound_becter

Skill      XL: |  1 |
---------------+----+-----
Short Blades   | 1 |  1.6
Fighting       | |  0.3
Dodging        | |  1.6
Stealth        | |  3.6
Spellcasting   | |  2.2
Hexes          | |  2.9
Ice Magic      | |  0.5

Action                   || total
-------------------------++-------
Melee: Dagger            ||    50
 Cast: Corona            ||     6
       Ensorcelled Hiber ||     9
 Stab: Sleeping          ||     6
Armor: Robe              ||    36
Dodge: Dodged            ||    47
